 Dungeon Crawl Stone Soup version 0.26-b1-32-g5d43845318 (webtiles) character file.

Game seed: 3795052068330722280

11421 mopl the Spear-Bearer (level 11, -1/66 HPs)
             Began as a Tengu Abyssal Knight on Jan 11, 2021.
             Was a High Priest of Lugonu.
             Killed from afar by Fannar (47 damage)
             ... with a bolt of cold
             ... on level 10 of the Dungeon.
             The game lasted 00:21:05 (10840 turns).

mopl the Spear-Bearer (Tengu Abyssal Knight)       Turns: 10840, Time: 00:21:06

Health: -1/66      AC: 15    Str: 26    XL:     11   Next: 77%
Magic:  19/19      EV: 13    Int: 13    God:    Lugonu [*****.]
Gold:   53         SH:  0    Dex: 19    Spells: 10/10 levels left

rFire    . . .     SeeInvis .   K - +7 quarterstaff "Icuuz" {vorpal, Str+4}
rCold    . . .     Faith    .   (shield currently unavailable)
rNeg     . . .     Spirit   .   u - +4 chain mail {rPois}
rPois    +         Reflect  .   (helmet restricted)
rElec    .         Harm     .   t - scarf {shadows}
rCorr    .         Rampage  .   s - +0 pair of gloves
Will     .....                  (boots unavailable)
Stlth    ..........             (no amulet)
HPRegen  0.21/turn              r - +6 ring of dexterity
MPRegen  0.16/turn              y - +6 ring of strength

@: flying quickly and evasively, quick
A: beak, talons 3, able to fly
a: Stop Flying, Renounce Religion, Depart the Abyss, Bend Space, Banish,
Corrupt, Enter the Abyss


You were on level 10 of the Dungeon.
You worshipped Lugonu.
Lugonu was extremely pleased with you.
You visited 2 branches of the dungeon, and saw 12 of its levels.
You visited the Abyss 2 times.
You visited 1 bazaar.
You also visited: Sewer and Ossuary.

You collected 943 gold pieces.
You spent 890 gold pieces at shops.

Inventory:

Hand Weapons
 a - a +4 trident
 K - the +7 quarterstaff "Icuuz" (weapon) {vorpal, Str+4}
   (You found it on level 9 of the Dungeon)

   It inflicts extra damage upon your enemies.
   It affects your strength (+4).
Missiles
 e - 7 atropa-tipped darts
 n - 31 poisoned darts (quivered)
 J - 5 boomerangs
 N - a throwing net
Armour
 s - a +0 pair of gloves (worn)
 t - a scarf of shadows (worn)
 u - a +4 chain mail of poison resistance (worn)
Jewellery
 r - a +6 ring of dexterity (left hand)
 y - a +6 ring of strength (right hand)
 B - an uncursed ring of wizardry
Wands
 h - a wand of iceblast (11)
 z - a wand of polymorph (5)
 H - a wand of paralysis (7)
 L - a wand of flame (20)
 O - a wand of disintegration (16)
 Q - a wand of acid (15)
Scrolls
 d - 6 scrolls of fog {unknown}
 f - 4 scrolls of fear
 j - 8 scrolls of teleportation
 l - 2 scrolls of magic mapping {unknown}
 m - a scroll of immolation {unknown}
 o - 7 scrolls of remove curse
 q - a scroll of amnesia {unknown}
 w - 4 scrolls of enchant armour {unknown}
 x - 2 scrolls of noise {unknown}
 C - a scroll of blinking {unknown}
 I - 4 scrolls of enchant weapon {unknown}
 M - a scroll of acquirement {unknown}
 P - a scroll of holy word {unknown}
Potions
 b - 5 potions of attraction {unknown}
 c - 14 potions of curing
 g - 4 potions of brilliance
 i - 3 potions of resistance
 k - a potion of berserk rage {!q}
 p - 3 potions of haste
 v - a potion of mutation {!q}
 A - a potion of ambrosia
 D - 4 potions of heal wounds
 E - 4 potions of might
 F - a potion of lignification {!q}
 G - 2 potions of invisibility {unknown}
 R - a potion of cancellation {unknown}


   Skills:
 + Level 6.6 Fighting
 * Level 12.0 Polearms
 + Level 3.7 Throwing
 + Level 6.6 Armour
 + Level 4.2 Dodging
 * Level 10.2 Invocations


You had 10 spell levels left.
You didn't know any spells.
Your spell library contained the following spells:

 Spells                   Type           Power        Failure   Level
 Corona                   Hex            0%           86%         1
 Slow                     Hex            0%           95%         2
 Inner Flame              Hex/Fire       0%           99%         3
 Portal Projectile        Hex/Tloc       0%           99%         3
 Cause Fear               Hex            0%           100%        4
 Leda's Liquefaction      Hex/Erth       0%           100%        4


Dungeon Overview and Level Annotations

Branches:
Dungeon (11/15)            Temple (0/1) D:6            Lair (0/6) D:11
    Orc (1/2) D:10          Sewer (visited)         Ossuary (visited)

Altars:
Elyvilon
Makhleb
Nemelex Xobeh
Okawaru
Ru
Xom
Zin
The Shining One

Shops:
D:11 ![(

Annotations:
D:5 3 runed translucent doors, dohliylev's ghost, novice GrVM
D:10 Fannar
Orc:1 Erica


Innate Abilities, Weirdness & Mutations

You have a beak for a mouth.
You have claws for feet.
You can fly continuously.


Message History

There is a staircase to the Orcish Mines, spattered with blood here.
Unknown command.
You hit Fannar.
Fannar is lightly wounded.
Fannar barely misses you.
You hit Fannar but do no damage. You claw Fannar, but do no damage.
Fannar is lightly wounded.
You sock Fannar! Your kick misses Fannar.
Fannar is lightly wounded.
Some snowflakes condense on Fannar.
Fannar completely misses you.
You sock Fannar! You claw Fannar. You peck Fannar.
Fannar is heavily wounded.
Fannar closely misses you.
You barely miss Fannar. You claw Fannar!
Fannar is heavily wounded.
Fannar casts a spell at you. The bolt of cold hits you!!!
Ouch! That really hurt!
You die...

##.....)...###### #...).....#
#.....[)..'....####.........#
#.........###.....#.........#
#......)..###.###...........#
#...........................#
###'#####.............###.###
#.# #.............#...# #.#
##......[e.....#.###
####.####.[)...รท@........#
................)[.......#
........................########
...............................#
...............................#
..............##)..............#
..............#................#
...........................>...#
..............##...............#


You could see Fannar (icy armour).

Vanquished Creatures
  Erolcha (D:11)
  2 two-headed ogres
  3 unseen horrors
  Psyche (D:8)
  2 komodo dragons
  Sigmund (D:4)
  A hornet zombie (D:8)
  2 orc warriors (D:10)
  2 sky beasts
  An eye of draining (D:8)
  Purgy (Sewer)
  4 black bears
  7 ice beasts
  3 phantoms
  8 ogres
  A necrophage (D:9)
  3 centaurs
  5 bullfrogs
  A gnoll sergeant (D:8)
  A water moccasin skeleton (D:11)
  3 scorpions
  14 killer bees
  10 wights
  2 bullfrog zombies (D:8)
  3 centaur zombies
  2 jellies
  4 hounds
  4 bullfrog skeletons
  10 orc priests
  3 orc wizards
  Terence (D:3)
  3 iguanas
  10 worker ants
  5 big kobold zombies (Ossuary)
  2 hound zombies
  2 hound skeletons
  A mummy (Ossuary)
  3 worker ant zombies
  5 gnolls (D:8)
  A river rat (D:6)
  10 adders
  4 shadow imps
  5 white imps
  An ooze (D:4)
  2 worms
  3 dart slugs
  6 leopard geckos
  45 orcs
  8 spectral bats (Ossuary)
  18 bats
  7 giant cockroaches
  7 gnoll zombies (Ossuary)
  6 hobgoblins
  9 jackals
  3 quokkas
  7 ball pythons
  6 bat simulacra (Ossuary)
  7 frilled lizards
  7 goblins
  2 goblin simulacra (Ossuary)
  4 goblin zombies (Ossuary)
  7 hobgoblin zombies (Ossuary)
  8 kobolds
  2 kobold simulacra (Ossuary)
  4 kobold zombies (Ossuary)
  3 orc zombies (Ossuary)
  A quokka skeleton (D:9)
  A quokka zombie (D:5)
  8 rats
  4 rat simulacra (Ossuary)
  3 spectral goblins (Ossuary)
  5 spectral rats (Ossuary)
351 creatures vanquished.

Vanquished Creatures (others)
  3 plants (D:11)
3 creatures vanquished.

Grand Total: 354 creatures vanquished

Notes
Turn   | Place    | Note
-------+----------+-------------------------------------------
     0 | Abyss:1  | mopl the Tengu Abyssal Knight began the quest for the Orb.
     0 | Abyss:1  | Reached XP level 1. HP: 14/14 MP: 3/3
    11 | Abyss:1  | Found a corrupted altar of Lugonu.
    46 | Abyss:2  | Found a corrupted altar of Lugonu.
    50 | Abyss:2  | Found a corrupted altar of Lugonu.
    86 | Abyss:2  | Noticed a large abomination
   132 | Abyss:2  | Noticed a vampire
   153 | Abyss:2  | Noticed a bone dragon
   159 | Abyss:2  | Noticed a freezing wraith
   161 | D:1      | Escaped the Abyss
   194 | D:1      | Reached * piety under Lugonu
   279 | D:1      | Reached XP level 2. HP: 13/19 MP: 4/4
   317 | D:1      | Reached skill level 2 in Invocations
   517 | D:1      | Reached skill level 3 in Polearms
   683 | D:2      | Reached XP level 3. HP: 23/23 MP: 5/5
  1216 | D:3      | Reached ** piety under Lugonu
  1270 | D:3      | Reached XP level 4. HP: 28/28 MP: 7/7
  1294 | D:3      | Found a shimmering altar of Xom.
  1294 | D:3      | Found a shimmering altar of Xom.
  1294 | D:3      | Found a shimmering altar of Xom.
  1295 | D:3      | Found a shimmering altar of Xom.
  1298 | D:3      | Found a shimmering altar of Xom.
  1309 | D:3      | Found a shimmering altar of Xom.
  1347 | D:3      | Reached skill level 3 in Invocations
  1377 | D:3      | Noticed Terence
  1391 | D:3      | Killed Terence
  1392 | D:3      | Reached skill level 4 in Polearms
  1402 | D:3      | Gained mutation: You can fly continuously. [Tengu growth]
  1402 | D:3      | Reached XP level 5. HP: 13/32 MP: 8/8
  1791 | D:4      | Found a sand-covered staircase.
  1798 | Ossuary  | Entered an ossuary
  1891 | Ossuary  | Reached *** piety under Lugonu
  1989 | Ossuary  | Reached skill level 4 in Invocations
  1989 | Ossuary  | Reached XP level 6. HP: 37/37 MP: 8/10
  2005 | Ossuary  | Reached skill level 5 in Polearms
  2135 | Ossuary  | Reached **** piety under Lugonu
  2312 | D:4      | Noticed Sigmund
  2558 | D:4      | Killed Sigmund
  2559 | D:4      | Reached skill level 6 in Polearms
  2559 | D:4      | Reached XP level 7. HP: 27/41 MP: 11/11
  2817 | D:4      | Reached skill level 5 in Invocations
  3101 | D:5      | Entered Level 5 of the Dungeon
  3174 | D:5      | Found a runed translucent gate.
  3175 | D:5      | Found a runed translucent gate.
  3175 | D:5      | Found a runed translucent gate.
  3178 | D:5      | Noticed dohliylev's ghost (novice GrVM)
  3245 | D:5      | Reached skill level 7 in Polearms
  3480 | D:5      | Reached XP level 8. HP: 39/46 MP: 13/13
  3501 | D:5      | Reached skill level 6 in Invocations
  4445 | D:6      | Reached skill level 8 in Polearms
  4503 | D:6      | Found a staircase to the Ecumenical Temple.
  4806 | D:6      | Reached ***** piety under Lugonu
  4878 | D:6      | Found a glowing drain.
  4887 | Sewer    | Entered a sewer
  4905 | Sewer    | Noticed Purgy
  4934 | Sewer    | Killed Purgy
  4935 | Sewer    | Reached skill level 7 in Invocations
  5256 | D:6      | Reached XP level 9. HP: 50/51 MP: 15/15
  5507 | D:6      | Reached skill level 3 in Armour
  5513 | D:6      | Found an iron altar of Okawaru.
  5994 | D:7      | Reached skill level 9 in Polearms
  6027 | D:7      | Found a glowing golden altar of the Shining One.
  6027 | D:7      | Found a glowing silver altar of Zin.
  6027 | D:7      | Found a white marble altar of Elyvilon.
  6079 | D:7      | Reached skill level 4 in Fighting
  6470 | D:8      | Noticed a komodo dragon
  6600 | D:7      | Killed a komodo dragon
  6601 | D:7      | Reached skill level 4 in Armour
  6601 | D:7      | Reached skill level 8 in Invocations
  6955 | D:8      | Reached skill level 10 in Polearms
  7240 | D:8      | Reached XP level 10. HP: 54/58 MP: 17/17
  7343 | D:8      | Reached skill level 5 in Fighting
  7386 | D:8      | Found a sacrificial altar of Ru.
  7657 | D:8      | Noticed Psyche
  7673 | D:8      | Killed Psyche
  7674 | D:8      | Reached skill level 5 in Armour
  7910 | D:9      | Got an iridescent quarterstaff
  8193 | D:9      | Identified the +7 quarterstaff "Icuuz" {vorpal, Str+4} (You
                  | found it on level 9 of the Dungeon)
  8207 | D:9      | Found a sparkling altar of Nemelex Xobeh.
  8320 | D:9      | Found a burning altar of Makhleb.
  8327 | D:9      | Reached skill level 9 in Invocations
  8533 | D:10     | Entered Level 10 of the Dungeon
  8619 | D:10     | Reached skill level 1 in Throwing
  8647 | D:10     | Killed an unseen horror
  8648 | D:10     | Reached skill level 2 in Dodging
  8689 | D:10     | Noticed a two-headed ogre
  8703 | D:10     | Killed a two-headed ogre
  8704 | D:10     | Reached skill level 11 in Polearms
  8704 | D:10     | Reached skill level 2 in Throwing
  8905 | D:10     | Found a staircase to the Orcish Mines.
  8999 | D:10     | Reached XP level 11. HP: 64/64 MP: 19/19
  9080 | D:10     | Reached ****** piety under Lugonu
  9086 | D:10     | Killed an unseen horror
  9087 | D:10     | Reached skill level 6 in Fighting
  9087 | D:10     | Reached skill level 6 in Armour
  9087 | D:10     | Reached skill level 3 in Dodging
  9146 | D:10     | Noticed a tengu warrior
  9150 | D:10     | Banished a tengu warrior
  9299 | D:11     | Found Haiciol's Armour Shop.
  9320 | D:11     | Found a staircase to the Lair.
  9355 | D:11     | Reached skill level 3 in Throwing
  9397 | D:11     | Killed an unseen horror
  9596 | D:11     | Noticed Erolcha
  9608 | D:11     | Cast into level 1 of the Abyss (Erolcha)
  9657 | Abyss:1  | Noticed a white draconian
  9659 | D:11     | Escaped the Abyss
  9666 | D:11     | Killed Erolcha
  9667 | D:11     | Reached skill level 10 in Invocations
  9674 | D:11     | Found a flickering gateway to a bazaar.
  9708 | Bazaar   | Entered a bazaar
  9735 | Bazaar   | Found Inaimud's General Store.
  9735 | Bazaar   | Found Enuerascho's Book Emporium.
  9756 | Bazaar   | Found Ihaotry's Antique Armour Shoppe.
  9756 | Bazaar   | Found Weavunume's Jewellery Emporium.
  9804 | Bazaar   | Bought a faintly glowing plate armour for 672 gold pieces
  9814 | Bazaar   | Identified the cursed +0 plate armour of Resourcefulness
                  | {Str+2} (You bought it in a shop in a bazaar)
  9842 | Bazaar   | Bought a cursed ring of teleportation for 58 gold pieces
  9857 | Bazaar   | Bought a scroll of teleportation for 48 gold pieces
  9917 | D:11     | Found Seustruqe's Antique Weapon Shop.
  9970 | D:11     | Reached skill level 4 in Dodging
 10019 | D:11     | Found Lokhuon's Distillery.
 10023 | D:11     | Bought a potion of brilliance for 64 gold pieces
 10023 | D:11     | Bought a potion of curing for 48 gold pieces
 10037 | D:11     | Noticed a two-headed ogre
 10055 | D:11     | Killed a two-headed ogre
 10435 | Orc:1    | Entered Level 1 of the Orcish Mines
 10435 | Orc:1    | Noticed a cyclops
 10437 | Orc:1    | Noticed Fannar
 10578 | D:10     | Reached skill level 12 in Polearms
 10833 | Orc:1    | Noticed Erica
 10840 | D:10     | Killed from afar by Fannar

Illustrated notes

Levels and vault maps discovered:
D:1:      minmay_arrival_arboretum_small, layout_loops_ring
D:2:      layout_loops_ring
D:3:      layout_rooms, xom_redecorated, uniq_terence
D:4:      layout_rooms, nicolae_ossuary_entry_false_entrances, roderic_batcave,
          grunt_ministairs_14, uniq_sigmund
D:5:      layout_loops_corners, biasface_ghost_orc_armoury
D:6:      minmay_skewed_foursquare, layout_basic,
          minmay_temple_entry_enclosed_plants, portal_sewer_entry_e,
          okawaru_gym_becter
D:7:      layout_loops_cross, good_gods_mini_temple
D:8:      layout_basic, nicolae_ru_great_annihilating_truth, uniq_psyche
D:9:      layout_cave_pools, nemelex_xobeh_ov_fountains_minmay,
          makhleb_blood_cavern_becter
D:10:     layout_roguey, david_orc_3, hangedman_decor_lopped
D:11:     layout_roguey, david_lair_shrubbed, serial_shops, bzr_entry_lakeside,
          shop, nicolae_shop_stone, shop, uniq_erolcha
Orc:1:    nicolae_orc_accident_2, layout_caves, uniq_erica, uniq_fannar

Skill      XL: |  1  2  3  4  5  6  7  8  9 10 11 |
---------------+----------------------------------+-----
Invocations    | 2 3 4 5 7 8 9 10 | 10.2
Polearms       | 3 4 6 7 8 10 11 12 | 12.0
Armour         | 4 5 6 |  6.6
Fighting       | 4 5 6 |  6.6
Throwing       | 2 3 |  3.7
Dodging        | 2 4 |  4.2

Action                   |  1- 3 |  4- 6 |  7- 9 | 10-12 || total
-------------------------+-------+-------+-------+-------++-------
Melee: Spear             |   103 |   244 |   380 |       ||   727
       Kick              |    15 |    84 |   141 |   140 ||   380
       Peck              |     6 |    43 |    78 |    67 ||   194
       Trident           |       |       |    48 |   115 ||   163
       Quarterstaff      |       |       |       |   201 ||   201
Throw: Dart              |       |    11 |    10 |     1 ||    22
Invok: Depart the Abyss  |     1 |       |       |     1 ||     2
       Banish            |       |       |     1 |     1 ||     2
 Abil: Fly               |       |     1 |       |       ||     1
Evoke: Wand              |       |       |       |     6 ||     6
  Use: Scroll            |       |       |     9 |     5 ||    14
       Potion            |       |       |       |     2 ||     2
 Stab: Distracted        |       |       |     1 |       ||     1
       Paralysed         |       |       |       |     1 ||     1
Armor: Leather armour    |     1 |       |       |       ||     1
       Scale mail        |    23 |    14 |       |       ||    37
       Chain mail        |       |    67 |   140 |   163 ||   370
Dodge: Dodged            |    24 |    63 |    94 |   163 ||   344
